 Dungeon Crawl Stone Soup version 0.22-a0-15-g4f60a598d5 (webtiles) character file.

15 SpikeYr the Sneak (level 2, 0/13 HPs)
             Began as a Spriggan Enchanter on Jan 2, 2018.
             Slain by a giant cockroach (1 damage)
             ... on level 1 of the Dungeon.
             The game lasted 00:05:06 (733 turns).

SpikeYr the Sneak (Spriggan Enchanter)               Turns: 733, Time: 00:05:06

Health: 0/13       AC:  2    Str:  4    XL:     2   Next: 34%
Magic:  6/6        EV: 18    Int: 16    God:
Gold:   4          SH:  0    Dex: 16    Spells: 5/6 levels left

rFire    . . .     SeeInvis +   a - +1 dagger
rCold    . . .     Gourm    .   (shield restricted)
rNeg     . . .     Faith    .   b - +0 robe
rPois    .         Spirit   .   (helmet restricted)
rElec    .         Reflect  .   (no cloak)
rCorr    .         Harm     .   (gloves unavailable)
MR       .....                  (boots unavailable)
Stlth    +++.......             (no amulet)
HPRegen  0.04/turn              (no ring)
MPRegen  0.10/turn              (no ring)

@: very quick
A: very small, unfitting armour, see invisible, herbivore, speed 3, slow
metabolism 2
a: no special abilities


You were on level 1 of the Dungeon.
You were not hungry.

You visited 1 branch of the dungeon, and saw 2 of its levels.

You collected 4 gold pieces.

Inventory:

Hand Weapons
 a - a +1 dagger (weapon)
Armour
 b - a +0 robe (worn)
Scrolls
 g - a scroll of remove curse {unknown}
 k - a scroll of identify {unknown}
Potions
 e - 2 potions of agility {unknown}
 h - a potion of degeneration {unknown}
 i - a potion of curing {unknown}
 j - a potion of brilliance {unknown}
Books
 c - a book of Maledictions

   Spells                             Type                      Level
   a - Corona                         Hexes                        1
   b - Ensorcelled Hibernation        Hexes/Ice                    2
   c - Confuse                        Hexes                        3
   d - Tukima's Dance                 Hexes                        3
   e - Dazzling Spray                 Conjuration/Hexes            3
Comestibles
 d - 5 rations
 f - 4 chunks of flesh


   Skills:
 + Level 0.1 Fighting
 * Level 1.2 Short Blades
 + Level 3.2 Dodging
 + Level 4.8 Stealth
 + Level 2.9 Spellcasting
 - Level 4.0 Hexes


You had 5 spell levels left.
You knew the following spells:

 Your Spells              Type           Power        Failure   Level  Hunger
a - Corona                Hex            ###....      3%          1    #......


Dungeon Overview and Level Annotations

Branches:
Dungeon (2/15)

Altars:


Innate Abilities, Weirdness & Mutations

You are very small and have problems with some larger weapons.
You are too small for most types of armour.
You have supernaturally acute eyesight. (SInv)
You are a herbivore.
You cover ground extremely quickly.
You need consume almost no food.


Message History

You barely miss the giant cockroach.
The giant cockroach is severely wounded.
The giant cockroach stops glowing.
The hobgoblin hits you. The giant cockroach closely misses you.
You hit the giant cockroach but do no damage.
The giant cockroach is severely wounded.
The giant cockroach bites you. The hobgoblin completely misses you.
You closely miss the giant cockroach.
The giant cockroach is severely wounded.
The giant cockroach closely misses you. The hobgoblin misses you.
You barely miss the giant cockroach.
The giant cockroach is severely wounded.
The giant cockroach bites you. The hobgoblin hits you.
* * * LOW HITPOINT WARNING * * *
The giant cockroach bites you.
* * * LOW HITPOINT WARNING * * *
You hit the giant cockroach but do no damage.
The giant cockroach is severely wounded.
The hobgoblin misses you. The giant cockroach bites you.
You die...

.....# #.# .....#
##+#####.####### .....#
#......#.......# .^...#
#......#.......# ######
#......#.......# ###
##......#.......# ..#
#......[........+ #.#
#.#.#####..g....# #.#
##รท#.# #.@s.####
#.####....#####....#
#.#....................
..........###...........
#.........# #.######.##.
###....##.# #. ).#
.......# .# .. .#
.......# .##. # .......#
..


You could see a giant cockroach and a hobgoblin.

Vanquished Creatures
  2 dart slugs (D:1)
  A leopard gecko (D:1)
  A bat (D:1)
  2 giant cockroaches (D:1)
  A goblin (D:1)
  A hobgoblin (D:1)
  A rat (D:1)
9 creatures vanquished.

Notes
Turn   | Place    | Note
-------+----------+-------------------------------------------
     0 | D:1      | SpikeYr the Spriggan Enchanter began the quest for the Orb.
     0 | D:1      | Reached XP level 1. HP: 9/9 MP: 5/5
   318 | D:1      | Reached XP level 2. HP: 8/13 MP: 4/6
   733 | D:1      | Slain by a giant cockroach

Vault maps used:
D:1:      eino_arrival_cavern_b
D:2:      old_standard_altar, first_ration, serial_bayou_lake_a

Skill      XL: |  1 |
---------------+----+-----
Hexes          | 4 |  4.0
Fighting       | |  0.1
Short Blades   | |  1.2
Dodging        | |  3.2
Stealth        | |  4.8
Spellcasting   | |  2.9

Action                   || total
-------------------------++-------
Melee: Dagger            ||    80
 Cast: Corona            ||    10
Armor: Robe              ||    12
Dodge: Dodged            ||    75

Table legend:
 A = Spawn XP
 B = Non-spawn XP
 C = Spawn XP percentage of total XP
 D = Spawn monster count
 E = Non-spawn monster count
 F = Spawn count percentage of total count
 G = Total turns spent on level
                    A         B        C        D         E        F      G
               +---------+---------+-------+---------+---------+-------+---------
         Total |       0 |      22 |   0.0 |       0 |       9 |   0.0 |   733
               +---------+---------+-------+---------+---------+-------+---------
           D:1 |       0 |      22 |   0.0 |       0 |       9 |   0.0 |   721
               +---------+---------+-------+---------+---------+-------+---------
